 Dungeon Crawl Stone Soup version 0.24-a0-217-g1152973720 (webtiles) character file.

Game seed: 3270561671123626812

166814 qqmash the Peltast (level 17, -1/149 HPs)
             Began as a Minotaur Berserker on Mar 29, 2019.
             Was the Champion of Trog.
             Shot with an arrow by a deep elf master archer (18 damage)
             ... on level 3 of the Elven Halls on Mar 30, 2019.
             The game lasted 04:26:52 (26337 turns).

qqmash the Peltast (Minotaur Berserker)            Turns: 26337, Time: 04:26:53

Health: -1/149     AC: 29    Str: 28    XL:     17   Next: 30%
Magic:  16/16      EV: 20    Int: 11    God:    Trog [******]
Gold:   2620       SH:  0    Dex: 21    Spells: 16/16 levels left

rFire    + . .     SeeInvis .   C - +10 morningstar of Ikkup {freeze, MR+}
rCold    + . .     Gourm    .   (no shield)
rNeg     + . .     Faith    .   w - +5 chain mail "Naecett" {rC+ Dex+4}
rPois    +         Spirit   .   n - +2 hat
rElec    +         Reflect  .   N - +1 cloak
rCorr    .         Harm     .   B - +0 pair of gloves
MR       +++..     NoTele   +   s - +2 pair of boots
Stlth    ..........             K - amulet "Kon Gias" {+Blink +Rage rElec MR+}
HPRegen  0.34/turn              r - ring of Painuptenwut {-Tele rElec rPois Int+3}
MPRegen  0.15/turn              v - ring "Xucuep" {rF+ rN+ Int+4 Dex+6}

@: berserk cooldown, slowed, studying Throwing, lightly drained, very slow
A: retaliatory headbutt, horns 2, frail 1
a: Berserk, Trog's Hand, Brothers in Arms, Renounce Religion, Evoke Blink, Evoke
Berserk Rage


You were on level 3 of the Elven Halls.
You worshipped Trog.
Trog was exalted by your worship.
You were very hungry.

You visited 5 branches of the dungeon, and saw 27 of its levels.
You also visited: Gauntlet and Ice Cave.

You collected 2960 gold pieces.
You spent 340 gold pieces at shops.

Inventory:

Hand Weapons
 b - a +0 lajatang
 k - the +6 scimitar of Adeimuqy {vamp, rN+ Str+2}
   (You took it off a deep elf demonologist on level 3 of the Elven Halls)

   It inflicts no extra harm, but heals its wielder when it wounds a living foe.
   It affects your strength (+2).
   It protects you from negative energy.
 o - a +0 flail of protection
 t - the +10 mace "Xuupodi" {elec, Str+2 Dex+3}
   (You took it off a deep elf demonologist on level 3 of the Elven Halls)

   Occasionally, upon striking a foe, it will discharge some electrical energy
   and cause terrible harm.
   It affects your strength (+2).
   It affects your dexterity (+3).
 u - a +2 longbow of flaming
 x - a +4 flail of protection
 C - the +10 morningstar of Ikkup (weapon) {freeze, MR+}
   (Trog gifted it to you on level 5 of the Lair of Beasts)

   It has been specially enchanted to freeze those struck by it, causing extra
   injury to most foes and up to half again as much damage against particularly
   susceptible opponents.
   It can also slow down cold-blooded creatures.
   It affects your resistance to hostile enchantments.
Missiles
 m - 6 exploding tomahawks
 J - 24 tomahawks (quivered)
Armour
 d - the +0 scale mail of Cocytus {Dex+3 SInv, unknown}
   (You found it on level 3 of the Elven Halls)

   It affects your dexterity (+3).
   It lets you see invisible.
 n - a +2 hat (worn)
 s - a +2 pair of boots (worn)
 w - the +5 chain mail "Naecett" (worn) {rC+ Dex+4}
   (You took it off an orc on level 3 of the Dungeon)

   It affects your dexterity (+4).
   It protects you from cold.
 B - a +0 pair of gloves (worn)
 N - a +1 cloak (worn)
 S - the +7 large shield of Muttered Phrases {Dex+7}
   (You found it on level 7 of the Dungeon)

   It affects your dexterity (+7).
Jewellery
 g - an uncursed amulet of the acrobat {unknown}
 r - the ring of Painuptenwut (left hand) {-Tele rElec rPois Int+3}
   (You bought it in a shop on level 8 of the Dungeon)

   [ring of intelligence]

   It affects your intelligence (+3).
   It insulates you from electricity.
   It protects you from poison.
   It prevents most forms of teleportation.
 v - the ring "Xucuep" (right hand) {rF+ rN+ Int+4 Dex+6}
   (You found it on level 13 of the Dungeon)

   [ring of positive energy]

   It affects your intelligence (+4).
   It affects your dexterity (+6).
   It protects you from fire.
   It protects you from negative energy.
 K - the amulet "Kon Gias" (around neck) {+Blink +Rage rElec MR+}
   (You found it in an ice cave)

   [amulet of rage]

   It insulates you from electricity.
   It affects your resistance to hostile enchantments.
   It lets you blink.
   It lets you go berserk.
Wands
 a - a wand of flame (15)
 h - a wand of enslavement (26)
 l - a wand of clouds (7)
Scrolls
 e - a scroll of immolation
 f - a scroll of magic mapping
 i - 2 scrolls of identify
 p - a scroll of enchant armour
 y - a scroll of acquirement
 H - a scroll of brand weapon
Potions
 j - a potion of curing
 L - a potion of resistance {unknown}
Books
 O - a manual of Throwing
Comestibles
 c - 48 rations
 q - a chunk of flesh


   Skills:
 + Level 18.6(18.3) Fighting
 - Level 12.0(11.7) Maces & Flails
 + Level 17.7(17.4) Armour
 - Level 14.0(13.7) Dodging
 + Level 20.0(19.7) Shields


You had 16 spell levels left.
You didn't know any spells.
Your spell library contained the following spells:

 Spells                   Type           Power        Failure   Level  Hunger
 Animate Skeleton         Necr           N/A          73%         1    ##.....
 Apportation              Tloc           #.....       73%         1    ##.....
 Beastly Appendage        Tmut           #.....       73%         1    ##.....
 Confusing Touch          Hex            #.....       73%         1    ##.....
 Corona                   Hex            #......      73%         1    ##.....
 Freeze                   Ice            #...         73%         1    ##.....
 Infusion                 Chrm           #...         73%         1    ##.....
 Magic Dart               Conj           #...         73%         1    ##.....
 Sandblast                Erth           #.....       73%         1    ##.....
 Sting                    Conj/Pois      #...         73%         1    ##.....
 Summon Small Mammal      Summ           #...         73%         1    ##.....
 Blink                    Tloc           N/A          86%         2    ###....
 Call Imp                 Summ           #.......     86%         2    ###....
 Passwall                 Tmut/Erth      #.......     86%         2    ###....
 Searing Ray              Conj           #.....       86%         2    ###....
 Shroud of Golubria       Chrm/Tloc      #.........   86%         2    ###....
 Slow                     Hex            #.......     86%         2    ###....
 Song of Slaying          Chrm           #.......     86%         2    ###....
 Sticks to Snakes         Tmut           #.......     86%         2    ###....
 Swiftness                Chrm/Air       #.......     86%         2    ###....
 Throw Flame              Conj/Fire      #.....       86%         2    ###....
 Throw Frost              Conj/Ice       #.....       86%         2    ###....
 Call Canine Familiar     Summ           #.......     97%         3    ####...
 Conjure Flame            Conj/Fire      #.......     97%         3    ####...
 Dazzling Spray           Conj/Hex       #.....       97%         3    ####...
 Inner Flame              Hex/Fire       #.......     97%         3    ####...
 Mephitic Cloud           Conj/Pois/Air  #.......     97%         3    ####...
 Ozocubu's Armour         Chrm/Ice       #.......     97%         3    ####...
 Portal Projectile        Hex/Tloc       #.....       97%         3    ####...
 Regeneration             Chrm/Necr      #.........   97%         3    ####...
 Spectral Weapon          Hex/Chrm       #.......     97%         3    ####...
 Spider Form              Tmut/Pois      #.........   97%         3    ####...
 Summon Guardian Golem    Hex/Summ       #.......     97%         3    ####...
 Cause Fear               Hex            #.........   100%        4    #####..
 Force Lance              Conj/Tloc      #.......     100%        4    #####..
 Fulminant Prism          Conj/Hex       #.........   100%        4    #####..
 Ice Form                 Ice/Tmut       #.......     100%        4    #####..
 Iskenderun's Mystic Bla  Conj           #.......     100%        4    #####..
 Leda's Liquefaction      Hex/Erth       #.........   100%        4    #####..
 Passage of Golubria      Tloc           N/A          100%        4    #####..
 Summon Ice Beast         Ice/Summ       #.......     100%        4    #####..
 Summon Lightning Spire   Summ/Air       #.......     100%        4    #####..
 Throw Icicle             Conj/Ice       #.......     100%        4    #####..
 Blade Hands              Tmut           #.........   100%        5    ######.
 Lee's Rapid Deconstruct  Erth           #.........   100%        5    ######.
 Metabolic Englaciation   Hex/Ice        #.........   100%        5    ######.
 Bolt of Cold             Conj/Ice       #.........   100%        6    #######
 Darkness                 Hex            #.........   100%        6    #######
 Freezing Cloud           Conj/Ice/Air   #.........   100%        6    #######
 Invisibility             Hex            #.......     100%        6    #######
 Iron Shot                Conj/Erth      #.........   100%        6    #######
 Ozocubu's Refrigeration  Ice            #.........   100%        6    #######
 Shadow Creatures         Summ           N/A          100%        6    #######
 Simulacrum               Ice/Necr       #.........   100%        6    #######
 Statue Form              Tmut/Erth      #........    100%        6    #######
 Summon Hydra             Summ           #.........   100%        7    #######


Dungeon Overview and Level Annotations

Branches:
Dungeon (15/15)            Temple (1/1) D:6            Lair (6/6) D:11
 Shoals (0/4) Lair:3       Spider (0/4) Lair:2        Slime (0/5) Lair:6
    Orc (2/2) D:11            Elf (3/3) Orc:2        Vaults (0/5) D:13
 Depths (0/5) D:15

Altars:
Ashenzari
Cheibriados
Dithmenos
Elyvilon
Fedhas
Gozag
Hepliaklqana
Kikubaaqudgha
Makhleb
Nemelex Xobeh
Okawaru
Qazlal
Ru
Sif Muna
Trog
Uskayaw
Vehumet
Wu Jian
Xom
Yredelemnul
Zin
The Shining One
Beogh

Shops:
D:4 [   D:5 ?   D:8 *   Orc:2 }(:?

Portals:
Trove: D:15 (give 2 scrolls of acquirement)


Innate Abilities, Weirdness & Mutations

You reflexively headbutt those who attack you in melee.
You have a pair of horns on your head.
You are frail. (-10% HP)


Message History

The arrow hits you.
* * * LOW HITPOINT WARNING * * *
Your skin stops crawling.
You feel less resistant to hostile enchantments.
The deep elf master archer shoots an arrow.
The arrow misses you.
The deep elf master archer shoots an arrow.
The arrow hits you!!
* * * LOW HITPOINT WARNING * * *
You see here an arrow.
Okay, then.
Okay, then.
You feel better.
The deep elf master archer shoots an arrow.
The arrow completely misses you.
The deep elf master archer drinks a potion.
The deep elf master archer seems to speed up.
The deep elf master archer shoots an arrow.
The arrow hits you!!
You die...

...[..... ....... .......
....... #..... . #####.e. .
#..@#.####
.#############.(...e..#####
..............().........#
#..........(...(..........#
##.........(...(..........#
.#................)(.[....#
.')#####..#.'.....####....#
.#.....#..'..........#....#
##.....#.).(.........#....#


You could see a deep elf master archer.

Vanquished Creatures
  Rupert (Lair:5)
  3 deep elf blademasters
  Agnes (Elf:2)
  Roxanne (D:14)
  A frost giant (IceCv)
  An orc warlord (Orc:1)
  5 deep elf sorcerers
  Louise (D:15)
  2 deep elf elementalists (Elf:3)
  Nessos (Lair:6)
  The ghost of Zero the Severer, a journeyman GrBe of Trog (D:14)
  4 deep elf demonologists
  A minotaur (Gauntlet)
  2 deep elf annihilators (Elf:3)
  The ghost of Borim the Fighter, a journeyman GrBe of Trog (Orc:1)
  3 deep elf death magi
  2 deep elf high priests (Elf:3)
  8 hydras
  The ghost of kroki the Cleaver, a journeyman HOFi of Uskayaw (Lair:2)
  Harold (Lair:2)
  Fannar (D:12)
  The ghost of busta the Severer, a journeyman DDFi of Makhleb (Lair:1)
  2 centaur warriors (D:14)
  The ghost of MirrMurr the Covert, a journeyman SpEn of Gozag (Lair:2)
  36 dancing weapons
  2 two-headed ogres
  The ghost of yrara the Cleaver, a novice DsFi of Gozag (D:9)
  2 death yaks
  An orc high priest (Orc:2)
  11 deep elf knights
  Sonja (Lair:6)
  Nergalle (D:10)
  2 skeletal warriors
  2 necromancers
  A phantasmal warrior (D:15)
  An obsidian statue (Gauntlet)
  A golden dragon zombie (D:15)
  An orc knight (D:14)
  10 deep elf archers
  4 oklob plants (Lair:6)
  7 ugly things
  8 orc sorcerers
  A tengu skeleton (D:15)
  A cyclops (D:14)
  A manticore (D:11)
  48 deep elf magi
  A stone giant skeleton (D:15)
  3 gargoyles
  2 black mambas
  6 spiny frogs
  The ghost of yrara the Chopper, a novice DsFi of Gozag (D:5)
  2 centaur skeletons
  An ice statue (IceCv)
  A rime drake (Lair:3)
  10 komodo dragons
  An efreet (Gauntlet)
  4 trolls
  7 hornets
  16 polar bears
  A wolf spider simulacrum (D:15)
  2 slime creatures (Lair:6)
  12 blink frogs
  Prince Ribbit (D:7)
  2 dream sheep (Lair:6)
  A blink frog (shapeshifter) (D:15)
  13 hippogriffs
  14 spriggans (Lair:6)
  38 yaks
  2 vampires
  4 water elementals
  3 wyverns
  3 hogs (D:7)
  A human (D:7)
  2 wraiths
  2 fire bats (Lair:6)
  5 fire elementals
  4 vampire mosquitoes (D:14)
  3 basilisks
  A soldier ant (D:14)
  2 wargs
  3 acid dragons (D:13)
  22 water moccasins
  3 hell hounds (Gauntlet)
  A hornet zombie (D:8)
  7 porcupines
  A swamp drake (Orc:2)
  An ice beast (D:9)
  2 phantoms
  4 black bears
  A necrophage (D:14)
  2 eyes of draining
  2 elephant zombies (Lair:5)
  25 orc warriors
  8 sky beasts
  3 boggarts (Lair:6)
  An eye of draining (shapeshifter) (Elf:3)
  12 ogres
  40 wolves
  6 centaurs
  The ghost of Yosebu the Cudgeler, an amateur GrGl (D:3)
  10 crocodiles
  A yaktaur zombie (D:15)
  A big kobold (D:5)
  23 bullfrogs
  A gnoll sergeant (D:12)
  2 wyvern skeletons
  A killer bee (D:10)
  9 scorpions
  9 wights
  5 howler monkeys
  3 electric eels (Lair:5)
  11 crimson imps
  2 bullfrog zombies
  5 hounds
  5 jellies
  3 bullfrog skeletons
  23 orc priests
  An iron imp (Orc:2)
  6 iguanas
  9 worker ants
  32 orc wizards
  2 crocodile zombies (Lair:5)
  A hound zombie (D:11)
  A hound skeleton (D:9)
  9 gnolls
  16 adders
  6 shadow imps
  A white imp (Orc:2)
  An ooze (D:3)
  An adder zombie (D:4)
  2 adder skeletons
  3 worms
  2 dart slugs
  5 leopard geckos
  74 orcs
  5 bats
  2 giant cockroaches
  6 goblins
  4 hobgoblins
  9 jackals
  13 kobolds
  4 quokkas
  A ball python (D:1)
  7 frilled lizards
  A leopard gecko skeleton (D:8)
  A leopard gecko zombie (D:5)
  A quokka skeleton (D:4)
  A quokka zombie (D:6)
  A rat (D:1)
  A plant (Lair:6)
848 creatures vanquished.

Vanquished Creatures (others)
  A death yak (IceCv)
  2 polar bears (IceCv)
  2 yaks (IceCv)
  2 centaurs
  2 orc wizards (Orc:2)
  An orc (Orc:2)
  10 demonic plants (Gauntlet)
  A fungus (Lair:6)
  5 plants (Lair:6)
  2 withered plants (Lair:2)
28 creatures vanquished.

Grand Total: 876 creatures vanquished

Notes
Turn   | Place    | Note
-------+----------+-------------------------------------------
     0 | D:1      | qqmash the Minotaur Berserker began the quest for the Orb.
     0 | D:1      | Reached XP level 1. HP: 19/19 MP: 0/0
   182 | D:1      | Reached XP level 2. HP: 22/26 MP: 1/1
   836 | D:2      | Reached skill level 5 in Maces & Flails
   860 | D:2      | Reached XP level 3. HP: 16/31 MP: 2/2
  1013 | D:2      | You fall through a shaft!
  1118 | D:3      | Reached XP level 4. HP: 21/39 MP: 3/3
  1137 | D:3      | Reached ** piety under Trog
  1346 | D:2      | Found a snail-covered altar of Cheibriados.
  1948 | D:3      | Found a runed translucent gate.
  1948 | D:3      | Found a runed translucent gate.
  1948 | D:3      | Found a runed translucent gate.
  1958 | D:3      | Identified the +1 hunting sling "Vuhiesuck" {freeze, MR+
                  | Str+5}
  1958 | D:3      | Identified the +5 chain mail "Naecett" {rC+ Dex+4}
  1959 | D:3      | Found a roughly hewn altar of Beogh.
  1959 | D:3      | Noticed Yosebu's ghost (amateur GrGl)
  1995 | D:3      | Killed Yosebu's ghost
  1995 | D:3      | Reached XP level 5. HP: 45/45 MP: 4/4
  2089 | D:4      | Reached XP level 6. HP: 51/51 MP: 5/5
  2135 | D:4      | Found Uganib's Antique Armour Shop.
  2336 | D:4      | Reached *** piety under Trog
  2433 | D:4      | Reached XP level 7. HP: 57/57 MP: 6/6
  2469 | D:4      | Reached skill level 10 in Maces & Flails
  2669 | D:5      | Entered Level 5 of the Dungeon
  2991 | D:5      | Found an iron altar of Okawaru.
  2991 | D:5      | Found a basalt altar of Yredelemnul.
  3231 | D:5      | Found Zivarch's Magic Scroll Shoppe.
  3491 | D:5      | Found a runed translucent gate.
  3491 | D:5      | Found a runed translucent gate.
  3491 | D:5      | Found a runed translucent gate.
  3493 | D:5      | Noticed yrara's ghost (novice DsFi)
  3493 | D:5      | Identified the +5 whip "Fomem" {pain, rElec Str+2 Int+6}
  3565 | D:5      | Reached XP level 8. HP: 50/66 MP: 7/7
  3873 | D:5      | Killed yrara's ghost
  3875 | D:5      | Paralysed by a big kobold for 4 turns
  4064 | D:6      | Reached skill level 5 in Fighting
  4069 | D:6      | Reached **** piety under Trog
  4194 | D:6      | Found a staircase to the Ecumenical Temple.
  4211 | Temple   | Entered the Ecumenical Temple
  4299 | D:6      | Reached skill level 5 in Armour
  4472 | D:6      | Reached XP level 9. HP: 74/78 MP: 8/8
  5131 | D:6      | Found a sparkling altar of Nemelex Xobeh.
  5131 | D:6      | Found a shattered altar of Ashenzari.
  5202 | D:7      | Got a dazzling large shield
  5246 | D:7      | Reached ***** piety under Trog
  5292 | D:7      | You fall through a shaft!
  5311 | D:8      | Identified the +7 large shield of Muttered Phrases {Dex+7}
                  | (You found it on level 7 of the Dungeon)
  5335 | D:8      | Noticed a two-headed ogre
  5347 | D:8      | Killed a two-headed ogre
  5364 | D:7      | Reached skill level 10 in Fighting
  5412 | D:7      | Noticed Prince Ribbit
  5418 | D:7      | Killed Prince Ribbit
  5418 | D:7      | Reached XP level 10. HP: 90/93 MP: 9/9
  5603 | D:7      | Found a radiant altar of Vehumet.
  5744 | D:7      | Reached skill level 1 in Shields
  5903 | D:7      | Reached skill level 2 in Shields
  6087 | D:8      | Found Kigatoet's Assorted Antiques.
  6128 | D:8      | Reached skill level 3 in Shields
  6386 | D:9      | Found a runed translucent gate.
  6386 | D:9      | Found a runed translucent gate.
  6387 | D:9      | Found a runed translucent gate.
  6427 | D:9      | Received a gift from Trog
  6633 | D:8      | Found a burning altar of Makhleb.
  6707 | D:8      | Bought a vibrating marble ring for 170 gold pieces
  6707 | D:8      | Bought a clouded turquoise ring for 170 gold pieces
  6708 | D:8      | Identified the ring "Foxawes" {Int+2 Stlth+} (You bought it
                  | in a shop on level 8 of the Dungeon)
  6710 | D:8      | Identified the ring of Painuptenwut {-Tele rElec rPois
                  | Int+3} (You bought it in a shop on level 8 of the Dungeon)
  6888 | D:9      | Noticed yrara's ghost (novice DsFi)
  6964 | D:9      | Reached skill level 4 in Shields
  7100 | D:9      | Found an ornate altar of the Wu Jian Council.
  7101 | D:9      | Found a glowing golden altar of the Shining One.
  7101 | D:9      | Found a shimmering altar of Xom.
  7102 | D:9      | Found a hazy altar of Hepliaklqana.
  7166 | D:9      | Found a white marble altar of Elyvilon.
  7383 | D:9      | Killed yrara's ghost
  7383 | D:9      | Reached skill level 10 in Armour
  7398 | D:10     | Entered Level 10 of the Dungeon
  7398 | D:10     | Noticed Nergalle
  7400 | D:10     | Noticed a spectral orc warlord
  7410 | D:10     | Killed Nergalle
  7410 | D:10     | Reached skill level 5 in Shields
  7629 | D:10     | Paralysed by fainting for 7 turns
  7657 | D:10     | Paralysed by fainting for 6 turns
  7663 | D:10     | Paralysed by fainting for 11 turns
  7677 | D:10     | Reached XP level 11. HP: 90/105 MP: 10/10
  7703 | D:10     | Paralysed by fainting for 5 turns
  7992 | D:10     | Reached skill level 6 in Shields
  8350 | D:11     | Found a shadowy altar of Dithmenos.
  8362 | D:11     | Got a translucent whip
  8368 | D:11     | Identified the +10 whip "Uwockus" {holy, rF- rC+ MR+
                  | Stlth+} (You found it on level 11 of the Dungeon)
  8586 | D:11     | Noticed a seven-headed hydra
  8602 | D:11     | Killed a seven-headed hydra
  8704 | D:11     | Noticed a green ugly thing
  8718 | D:11     | Killed a green ugly thing
  8805 | D:11     | Found a staircase to the Lair.
  8847 | D:11     | Reached skill level 7 in Shields
  8850 | D:11     | Found a staircase to the Orcish Mines.
  8862 | D:11     | Found a roughly hewn altar of Beogh.
  8873 | D:11     | Received a gift from Trog
  9219 | D:12     | Found a blossoming altar of Fedhas.
  9453 | D:12     | Noticed Fannar
  9477 | D:12     | Killed Fannar
  9477 | D:12     | Reached skill level 8 in Shields
  9729 | D:13     | Noticed a +4 long sword
  9730 | D:13     | Noticed a +5 long sword
  9748 | D:13     | Killed a +5 long sword
  9757 | D:13     | Killed a +4 long sword
  9757 | D:13     | Reached skill level 9 in Shields
  9757 | D:13     | Reached XP level 12. HP: 117/117 MP: 11/11
  9777 | D:13     | Found a gate to the Vaults.
 10082 | D:13     | Got a wavering lapis lazuli ring
 10435 | D:13     | Noticed a two-headed ogre
 10439 | D:13     | Killed a two-headed ogre
 10539 | D:14     | Reached skill level 10 in Shields
 11084 | D:14     | Identified Roxanne's Catalogue of Earth
 11084 | D:14     | Noticed Roxanne
 11157 | D:14     | Reached skill level 11 in Shields
 11307 | D:11     | Identified the ring "Xucuep" {rF+ rN+ Int+4 Dex+6} (You
                  | found it on level 13 of the Dungeon)
 11407 | D:14     | Noticed a centaur warrior
 11410 | D:14     | Noticed a centaur warrior
 11419 | D:14     | Killed a centaur warrior
 11424 | D:14     | Killed a centaur warrior
 11427 | D:14     | Received a gift from Trog
 11565 | D:14     | Killed Roxanne
 11565 | D:14     | Reached skill level 15 in Fighting
 11572 | D:14     | Found a runed translucent gate.
 11572 | D:14     | Found a runed translucent gate.
 11572 | D:14     | Found a runed translucent gate.
 11573 | D:14     | Noticed Zero's ghost (journeyman GrBe)
 11596 | D:14     | Killed Zero's ghost
 11596 | D:14     | Reached skill level 12 in Shields
 11663 | D:15     | Entered Level 15 of the Dungeon
 11717 | D:15     | Reached XP level 13. HP: 114/126 MP: 12/12
 11763 | D:15     | Found a staircase to the Depths.
 11782 | D:15     | Reached ****** piety under Trog
 11920 | D:15     | Reached skill level 13 in Shields
 12043 | D:15     | Noticed Louise
 12056 | D:15     | Killed Louise
 12163 | D:15     | Found a radiant altar of Vehumet.
 12396 | D:15     | Found a portal to a secret trove of treasure.
 12828 | Lair:1   | Entered Level 1 of the Lair of Beasts
 13033 | Lair:1   | Found a runed translucent gate.
 13033 | Lair:1   | Noticed busta's ghost (journeyman DDFi)
 13035 | Lair:1   | Found a runed translucent gate.
 13036 | Lair:1   | Found a runed translucent gate.
 13314 | Lair:2   | Received a gift from Trog
 13447 | Lair:2   | Noticed Harold
 13467 | Lair:2   | Killed Harold
 13487 | Lair:2   | Found a hole to the Spider Nest.
 13598 | Lair:2   | Reached skill level 14 in Shields
 13798 | Lair:2   | Found a gate leading to a gauntlet.
 13804 | Lair:2   | Found a runed translucent gate.
 13804 | Lair:2   | Found a runed translucent gate.
 13805 | Lair:2   | Found a runed translucent gate.
 13813 | Gauntlet | Entered a Gauntlet
 13813 | Gauntlet | Found a large runed translucent door.
 13813 | Gauntlet | Found a large runed translucent door.
 13813 | Gauntlet | Found a large runed translucent door.
 13813 | Gauntlet | Found a large runed translucent door.
 13813 | Gauntlet | Found a large runed translucent door.
 13813 | Gauntlet | Found a large runed translucent door.
 13813 | Gauntlet | Found a runed translucent door.
 13813 | Gauntlet | Found a transporter.
 13813 | Gauntlet | Found a transporter.
 13813 | Gauntlet | Found a runed translucent door.
 13813 | Gauntlet | Found a large runed translucent door.
 13813 | Gauntlet | Found a large runed translucent door.
 13813 | Gauntlet | Found a large runed translucent door.
 13813 | Gauntlet | Found a large runed translucent door.
 13813 | Gauntlet | Found a large runed translucent door.
 13813 | Gauntlet | Found a large runed translucent door.
 13814 | Gauntlet | Upgraded the game from 0.24-a0-208-g17bec22d17 to
                  | 0.24-a0-217-g1152973720
 13817 | Gauntlet | Found a transporter.
 13817 | Gauntlet | Found a transporter.
 13827 | Gauntlet | Found a transporter.
 13829 | Gauntlet | Found a transporter.
 13836 | Gauntlet | Noticed a cacodemon
 13837 | Gauntlet | Found a transporter.
 13837 | Gauntlet | Found a transporter.
 13868 | Gauntlet | Found a transporter.
 13886 | Gauntlet | Found a transporter.
 13899 | Gauntlet | Found a large runed translucent door.
 13900 | Gauntlet | Found a large runed translucent door.
 13902 | Gauntlet | Found a runed translucent gate.
 13903 | Gauntlet | Found a runed translucent gate.
 13904 | Gauntlet | Found a transporter.
 13904 | Gauntlet | Found a runed translucent gate.
 13926 | Gauntlet | Found a transporter.
 13972 | Gauntlet | Found a transporter.
 13993 | Gauntlet | Found a transporter.
 14074 | Gauntlet | Found a large runed translucent door.
 14074 | Gauntlet | Found a large runed translucent door.
 14093 | Gauntlet | Found a transporter.
 14107 | Gauntlet | Found a transporter.
 14459 | Gauntlet | Identified the +0 shield of the Morning Star {Int+4}
 14459 | Gauntlet | Noticed a minotaur
 14465 | Gauntlet | Killed a minotaur
 14496 | Gauntlet | Got a brightly glowing lapis lazuli ring
 14508 | Gauntlet | Identified the cursed ring "Iluehid" {Dex-2 Stlth+} (You
                  | found it in a Gauntlet)
 14815 | Lair:2   | Noticed MirrMurr's ghost (journeyman SpEn)
 14815 | Lair:2   | Noticed kroki's ghost (journeyman HOFi)
 15256 | Lair:2   | Killed MirrMurr's ghost
 15262 | Lair:2   | Killed kroki's ghost
 15876 | Lair:1   | Killed busta's ghost
 16133 | Lair:3   | Got a translucent spear
 16135 | Lair:3   | Identified the cursed +1 spear "Uqics" {pierce, Str+2} (You
                  | found it on level 3 of the Lair of Beasts)
 16353 | Lair:3   | Found a staircase to the Shoals.
 16404 | Lair:3   | Reached XP level 14. HP: 137/137 MP: 13/13
 16732 | Lair:4   | Found a frozen archway.
 16775 | IceCv    | Entered an ice cave
 16836 | IceCv    | Reached skill level 15 in Shields
 17077 | IceCv    | Received a gift from Trog
 17292 | IceCv    | Noticed a frost giant
 17308 | IceCv    | Killed a frost giant
 17347 | IceCv    | Got a heavily runed brass amulet
 17549 | Lair:4   | Identified the amulet "Kon Gias" {+Blink +Rage rElec MR+}
                  | (You found it in an ice cave)
 18528 | Lair:5   | Noticed Rupert
 18541 | Lair:5   | Killed Rupert
 18541 | Lair:5   | Reached skill level 16 in Shields
 18860 | Lair:5   | Reached skill level 15 in Armour
 18904 | Lair:5   | Received a gift from Trog
 18907 | Lair:5   | Got an ancient morningstar {god gift}
 18909 | Lair:5   | Identified the +10 morningstar of Ikkup {freeze, MR+} (Trog
                  | gifted it to you on level 5 of the Lair of Beasts)
 19353 | Lair:6   | Entered Level 6 of the Lair of Beasts
 19415 | Lair:6   | Got a heavily runed scale mail
 19699 | Lair:6   | Received a gift from Trog
 19705 | Lair:6   | Reached skill level 17 in Shields
 19756 | Lair:6   | Got a shimmering bronze ring
 19784 | Lair:6   | Noticed Nessos
 19791 | Lair:6   | Reached skill level 5 in Dodging
 19821 | Lair:6   | Killed Nessos
 19821 | Lair:6   | Reached XP level 15. HP: 147/147 MP: 14/14
 19892 | Lair:6   | Found a staircase to the Slime Pits.
 19977 | Lair:6   | Noticed Sonja
 19987 | Lair:6   | Killed Sonja
 20797 | Lair:4   | Identified the +1 scale mail "Sasauj" {rN+ MP-9 Str+3
                  | Stlth+} (You found it on level 6 of the Lair of Beasts)
 20852 | Lair:4   | Identified the ring of Esussowy {Ice rElec rPois Str-3
                  | Dex+9} (You found it on level 6 of the Lair of Beasts)
 21280 | Orc:1    | Entered Level 1 of the Orcish Mines
 21420 | Orc:2    | Entered Level 2 of the Orcish Mines
 21420 | Orc:2    | Found a roughly hewn altar of Beogh.
 21435 | Orc:2    | Found a staircase to the Elven Halls.
 21485 | Orc:1    | Found a runed translucent door.
 21485 | Orc:1    | Noticed Borim's ghost (journeyman GrBe)
 21593 | Orc:1    | Noticed an orc warlord
 21612 | Orc:1    | Killed an orc warlord
 21792 | Orc:1    | Killed Borim's ghost
 21987 | Orc:2    | Received a gift from Trog
 22027 | Orc:2    | Got a blackened morningstar {god gift}
 22042 | Orc:2    | Identified the +2 morningstar "Xeler" {crush, MR+} (Trog
                  | gifted it to you on level 2 of the Orcish Mines)
 22045 | Orc:2    | Found Etomiesm's Book Boutique.
 22045 | Orc:2    | Found Iluzezin's Gadget Shop.
 22071 | Orc:2    | Found Imabib's Weapon Shop.
 22076 | Orc:2    | Found Nivic's Magic Scroll Boutique.
 22113 | Orc:2    | Reached skill level 18 in Shields
 22809 | Elf:1    | Entered Level 1 of the Elven Halls
 22834 | Elf:1    | Reached skill level 10 in Dodging
 23012 | Elf:1    | Noticed a deep elf sorcerer
 23021 | Elf:1    | Killed a deep elf sorcerer
 23027 | Elf:1    | Identified the Tome of Creative Confrontation
 23132 | Elf:1    | Noticed an Executioner
 23133 | Elf:1    | Noticed a Tzitzimitl
 23412 | Elf:1    | Reached XP level 16. HP: 107/155 MP: 15/15
 23510 | Elf:1    | Received a gift from Trog
 24092 | Elf:2    | Found the ring of Robustness {AC+8}
 24123 | Elf:2    | Found a runed translucent gate.
 24123 | Elf:2    | Found a runed translucent gate.
 24124 | Elf:2    | Found a runed translucent gate.
 24432 | Elf:2    | Noticed Agnes
 24439 | Elf:2    | Received a gift from Trog
 24448 | Elf:2    | Killed Agnes
 24577 | Elf:2    | Reached skill level 19 in Shields
 24606 | Elf:2    | Gained mutation: You are frail. (-10% HP) [a neqoxec]
 24775 | Elf:2    | Noticed a deep elf blademaster
 24808 | Elf:2    | Killed a deep elf blademaster
 24978 | Elf:3    | Entered Level 3 of the Elven Halls
 24998 | Elf:3    | Received a gift from Trog
 25152 | Elf:3    | Noticed a deep elf blademaster
 25159 | Elf:3    | Reached XP level 17. HP: 130/148 MP: 16/16
 25169 | Elf:3    | Killed a deep elf blademaster
 25177 | Elf:3    | Noticed a deep elf blademaster
 25260 | Orc:2    | Identified a scroll of acquirement
 25284 | Orc:1    | You fall through a shaft!
 25989 | Elf:3    | Got a spiked scale mail
 26160 | Elf:3    | Identified the +6 scimitar of Adeimuqy {vamp, rN+ Str+2}
 26229 | Elf:3    | Noticed a deep elf blademaster
 26241 | Elf:3    | Killed a deep elf blademaster
 26299 | Elf:3    | Identified the +10 mace "Xuupodi" {elec, Str+2 Dex+3}
 26329 | Elf:3    | Reached skill level 20 in Shields
 26332 | Elf:3    | Noticed a deep elf master archer
 26335 | Elf:3    | HP: 5/149 [deep elf master archer/arrow (25)]
 26337 | Elf:3    | Shot with an arrow by a deep elf master archer

Levels and vault maps discovered:
D:1:      dpeg_arrival_erosion, layout_basic, st_stairs_13,
          chequers_serial_rivers_micro_c
D:2:      layout_rooms, lemuel_crystal_altar
D:3:      layout_loops_ring, first_ration, biasface_ghost_orc_armoury,
          kennysheep_big_empty_room, minmay_misc_feat_square
D:4:      layout_gridville, serial_shops, kennysheep_mini,
          minmay_misc_feat_secret_circle
D:5:      layout_basic, gammafunk_temple_overflow_elements,
          gammafunk_ghost_nasty_kobolds, serial_shops, shop, st_stairs_1,
          small_statue_intersection
D:6:      layout_loops_corners, gammafunk_temple_overflow_statue,
          minmay_temple_entry_mist, nzn_random_ring
D:7:      layout_loops_ring, marbit_many_paths, dk_vineyard_2, grunt_livestock,
          uniq_prince_ribbit1
D:8:      layout_cave_pools, lemuel_coloured_pillars_altar, serial_shops,
          nicolae_shop_crystal
D:9:      layout_irregular_city, chequers_temple_overflow_statue_of_worship,
          overflow_temple_1_default, ebering_ghost_rock_garden
D:10:     layout_layer_cave, minmay_bent, uniq_nergalle
D:11:     layout_gridville, lair_entry_dummy, minmay_orc_entry_temple_small,
          grunt_dithmenos_shadows
D:12:     layout_cave_pools, fedhas_altar_2, uniq_fannar
D:13:     layout_long_grid, erik_vaults_1
D:14:     layout_roguey, ebering_ghost_rock_garden, uniq_roxanne
D:15:     gammafunk_depths_entry_grave, layout_irregular_city, basic_altar,
          minivault_24, enter_trove_2, uniq_louise
Temple:   eino_wide_crystal_templ
Lair:1:   layout_roguey, serial_rivers, chequers_serial_rivers_small_b,
          chequers_serial_rivers_large_a, chequers_serial_rivers_room_a,
          chequers_serial_rivers_room_a, chequers_serial_rivers_marsh,
          ebering_ghost_rock_garden
Lair:2:   layout_roguey, spider_nest_entry_web_field, gauntlet_entry_generic,
          gammafunk_ghost_cemetery, cheibrodos_lair_reptile_den, uniq_harold
Lair:3:   layout_misc_corridors, elwin_shoals_entry_rocks, serial_forest,
          infiniplex_forest_corner_1, infiniplex_forest_clump_large,
          infiniplex_forest_clump_small, infiniplex_forest_clump_tiny,
          infiniplex_forest_clump_curved, infiniplex_forest_lined_room_2
Lair:4:   layout_cave_pods, portal_ice_cave_entry_pillars_1
Lair:5:   pond_and_an_island_with_a_cottage, layout_long_grid,
          infiniplex_staircase_pool_2, uniq_rupert
Lair:6:   minmay_lair_end_enchanted_forest, layout_gridlike,
          minmay_slime_entry_pillars, hangedman_lair_unloving_vines,
          grunt_megastairs_5, minmay_lair_oklob_chamber, uniq_nessos, uniq_sonja
Orc:1:    layout_caves, ebering_ghost_inner_flame
Orc:2:    st_orc_mages, layout_caves, basic_altar, hangedman_minor_magic
Elf:1:    elf_arrival_001, layout_geoelf_diagonals, minmay_elf_sorcery
Elf:2:    layout_rooms, uniq_agnes
Elf:3:    minmay_elf_hall_quartered_circle, layout_onion_city, st_stairs_8,
          dk_noncrumbling_3
IceCv:    ice_cave_caverns_02
Gauntlet: gammafunk_gauntlet_branching
          [minmay_gauntlet_arena_make_your_own_arena,
          nicolae_gauntlet_arena_quarters, nicolae_gauntlet_arena_flowing_pool,
          gammafunk_gauntlet_arena_spirals, nicolae_gauntlet_swirl,
          gammafunk_gauntlet_arena_chambers, nicolae_gauntlet_arena_t_cross,
          gammafunk_gauntlet_arena_hedges, gauntlet_exit_watery]

Skill      XL: |  1  2  3  4  5  6  7  8  9 10 11 12 13 14 15 16 17 |
---------------+----------------------------------------------------+-----
Maces & Flails | 4 5 7 8 9 11 12 | 12.0
Fighting       | 4 6 10 12 14 15 16 17 18 | 18.6
Armour         | 3 5 8 10 11 12 14 15 16 17 | 17.7
Shields        | 5 9 12 14 17 18 19 20 | 20.0
Dodging        | 5 13 14 | 14.0

Action                   |  1- 3 |  4- 6 |  7- 9 | 10-12 | 13-15 | 16-18 || total
-------------------------+-------+-------+-------+-------+-------+-------++-------
Melee: Mace              |    75 |   137 |   151 |       |       |       ||   363
       Headbutt          |     8 |    20 |    69 |   309 |   532 |    97 ||  1035
       Whip              |       |       |   153 |   740 |  1080 |       ||  1973
       Unarmed           |       |       |       |       |     2 |       ||     2
       Quarterstaff      |       |       |       |       |    82 |       ||    82
       Morningstar       |       |       |       |       |   338 |   346 ||   684
Invok: Berserk           |       |     2 |       |     4 |    11 |     2 ||    19
       Trog's Hand       |       |       |       |       |       |     1 ||     1
  Use: Scroll            |       |       |       |       |    23 |     5 ||    28
       Potion            |       |       |       |       |       |     2 ||     2
 Stab: Distracted        |       |       |     1 |       |       |       ||     1
  Eat: Chunk             |     1 |     6 |    10 |    20 |    46 |     7 ||    90
       Ration            |       |       |       |     1 |     1 |     1 ||     3
Armor: Animal skin       |     9 |       |       |       |       |       ||     9
       Ring mail         |     5 |       |       |       |       |       ||     5
       Chain mail        |     2 |    78 |   100 |   106 |   293 |    78 ||   657
Dodge: Dodged            |    53 |    65 |   137 |    63 |   202 |   123 ||   643
Block: Other             |       |    23 |    32 |       |    19 |       ||    74
       Large shield      |       |       |     9 |   589 |  1439 |   390 ||  2427
       Reflection        |       |       |       |    33 |     9 |       ||    42

Table legend:
 A = Non-vault XP
 B = Vault XP
 C = Vault XP percentage of total XP
 D = Non-vault monster count
 E = Vault monster count
 F = Vault count percentage of total count
                 A         B        C        D         E       F
            +---------+---------+-------+---------+---------+-------
      Total |  107989 |  130317 |  54.7 |     511 |     343 |  40.2
            +---------+---------+-------+---------+---------+-------
        D:1 |      29 |       4 |  12.1 |      17 |       2 |  10.5
        D:2 |      36 |       0 |   0.0 |      10 |       0 |   0.0
        D:3 |     125 |     159 |  56.0 |      18 |       7 |  28.0
        D:4 |     509 |       0 |   0.0 |      28 |       0 |   0.0
        D:5 |     562 |     554 |  49.6 |      18 |      10 |  35.7
        D:6 |    1011 |     733 |  42.0 |      18 |      14 |  43.8
        D:7 |     531 |    1499 |  73.8 |      19 |       7 |  26.9
        D:8 |    2224 |       0 |   0.0 |      20 |       0 |   0.0
        D:9 |    1304 |     868 |  40.0 |      20 |       1 |   4.8
       D:10 |    1561 |    1896 |  54.8 |      17 |       9 |  34.6
       D:11 |    3313 |     459 |  12.2 |      20 |      11 |  35.5
       D:12 |     833 |    1012 |  54.9 |      11 |       1 |   8.3
       D:13 |    3703 |    1808 |  32.8 |      22 |       2 |   8.3
       D:14 |    8588 |    4058 |  32.1 |      40 |       3 |   7.0
       D:15 |    6414 |    5435 |  45.9 |      21 |       8 |  27.6
     Lair:1 |     973 |     980 |  50.2 |       6 |       1 |  14.3
     Lair:2 |    4431 |    3308 |  42.7 |      21 |      10 |  32.3
     Lair:3 |    2173 |       0 |   0.0 |      15 |       0 |   0.0
     Lair:4 |    2535 |       0 |   0.0 |      11 |       0 |   0.0
     Lair:5 |    7675 |    3624 |  32.1 |      25 |       6 |  19.4
     Lair:6 |    6865 |   18463 |  72.9 |      25 |      74 |  74.7
      Orc:1 |    3627 |    1449 |  28.5 |      16 |       2 |  11.1
      Orc:2 |    2479 |    6177 |  71.4 |      24 |      52 |  68.4
      Elf:1 |   23243 |    9803 |  29.7 |      35 |      16 |  31.4
      Elf:2 |    8350 |   27205 |  76.5 |      12 |      30 |  71.4
      Elf:3 |   14895 |   25079 |  62.7 |      22 |      16 |  42.1
      IceCv |       0 |   12128 | 100.0 |       0 |      51 | 100.0
   Gauntlet |       0 |    3616 | 100.0 |       0 |      10 | 100.0
            +---------+---------+-------+---------+---------+-------
